[Event "NJSK 2026 Jeugd C"]
[Site "Helmond, Netherlands"]
[Date "2026.05.01"]
[Round "9.14"]
[White "Tkacenko, Kostia"]
[Black "Fu, Ziqing"]
[Result "0-1"]
[TimeControl "90min/40moves + 30sec/move"]
[WhiteTitle "-"]
[BlackTitle "-"]
[WhiteFideId "40120708"]
[BlackFideId "40109623"]
[WhiteElo "1552"]
[BlackElo "1810"]

1. e4 e5 2. Nf3 Nc6 3. Bb5 a6 4. Ba4 Nf6 5. O-O b5 6. Bb3 Bc5 7. d3 h6 8. h3 O-O 9. Be3 Bxe3 10.
fxe3 d5 11. exd5 Nxd5 12. Bxd5 Qxd5 13. Nc3 Qd8 14. e4 Be6 15. Ne2 Qd6 16. Ng3 Rad8 17. Qd2 Nd4 18. Kh2 c5 19. c3 Nc6 20.
Rfd1 Rd7 21. Qf2 Rfd8 22. Ne1 Qe7 23. Qf3 Rd6 24. Nh1 Qd7 25. Nf2 Ne7 26. g4 Ng6 27. Ng2 Qc6 28. h4 c4 29.
h5 Nf8 30. Nh4 Nh7 31. Nf5 R6d7 32. dxc4 Qxc4 33. Ne3 Ng5 34. Nxc4 Nxf3+ 35. Kg3 Ng5 36. Rxd7 Rxd7 37. Nxe5 Rd2 38.
b3 Rc2 39. Nfd3 Nxe4+ 40. Kf4 Nxc3 41.
Nb4 Re2 42. Nbd3 f6 43. Nc6 Nd5+ 44. Kf3 Re3+ 45. Kf2 Rxd3 46. Re1 Bxg4 47. Re8+ Kf7 48. Ra8 Bxh5 49. Rxa6 Rf3+ 50. Ke1 Re3+ 51.
Kf2 g5 52. Ra7+ Kg6 53. Ra5 Re2+ 54. Kg3 Nf4 55. Ne7+ Kf7 56. Nf5 Rg2# 0-1

[Event "NJSK 2026 Jeugd C"]
[Site "Helmond, Netherlands"]
[Date "2026.05.01"]
[Round "9.15"]
[White "Bajnath, Dhanesh"]
[Black "Huang, Ziyang"]
[Result "1/2-1/2"]
[TimeControl "90min/40moves + 30sec/move"]
[WhiteTitle "-"]
[BlackTitle "-"]
[WhiteFideId "40104842"]
[BlackFideId "40105288"]
[WhiteElo "1889"]
[BlackElo "1721"]

1. e4 c5 2. Nf3 d6 3. d4 cxd4 4. Nxd4 Nf6 5. Nc3 g6 6. Be3 Bg7 7. f3 O-O 8. Qd2 Nc6 9. O-O-O d5 10. exd5 Nxd5 11. Nxc6 bxc6 12. Bd4 e5 13. Bc5 Be6 14.
Bc4 Re8 15. Ne4 Qc7 16. Kb1 Red8 17. Qf2 f5 18. Nd2 Rab8 19. Bb3 a5 20. a4 Kh8 21. Rhe1 Qb7 22. g3 Nb4 23. Nc4 Rxd1+ 24. Rxd1 Bxc4 25. Bxc4 Na6 1/2-1/2

[Event "NJSK 2026 Jeugd C"]
[Site "Helmond, Netherlands"]
[Date "2026.05.01"]
[Round "9.16"]
[White "Roersma, Dylan"]
[Black "Mendelsohn, Saffran"]
[Result "1-0"]
[TimeControl "90min/40moves + 30sec/move"]
[WhiteTitle "-"]
[BlackTitle "-"]
[WhiteFideId "1097393"]
[BlackFideId "40108996"]
[WhiteElo "1846"]
[BlackElo "1767"]

1. e4 c5 2. Nf3 Nc6 3. d4 cxd4 4. Nxd4 Nf6 5. Nc3 e5 6. Ndb5 d6 7. Bg5 a6 8. Na3 b5 9. Nd5 Be7 10.
Bxf6 Bxf6 11. c3 Rb8 12. Nc2 Bg5 13. g3 O-O 14. h4 Bh6 15. Bg2 Ne7 16. Ncb4 Bb7 17. O-O g6 18. Qd3 f5 19.
Rad1 Nxd5 20. Nxd5 f4 21. c4 g5 22. hxg5 Qxg5 23. gxf4 exf4 24. f3 Bg7 25. Rf2 Kh8 26. cxb5 axb5 27.
Nc7 Rf6 28. Qxb5 Qh4 29. Ne8 Rg6 30. Nxg7 Rxg7 31. Rxd6 Rbg8 32. Qe5 Bc8 33. Kf1 Bh3 34. Bxh3 Qxh3+ 35. Ke2 Rc8 36. Qd4 Qh1 37.
Rd8+ Rxd8 38. Qxd8+ Rg8 39. Qd4+ Rg7 40. Qd8+ Rg8 41. Qf6+ Rg7 42. Qxf4 Qb1 43.
Qf8+ Rg8 44. Qf6+ Rg7 45. Qd8+ Rg8 46. Qd4+ Rg7 47. Rf1 Qc2+ 48.
Ke3 Qg2 49. Qd8+ Rg8 50. Qf6+ Rg7 51.
Rd1 h5 52. Rd8+ Kh7 53. Qf5+ Rg6 54. Rd7+ Kh6 55. Qf8+ Kg5 56. Qf4# 1-0

[Event "NJSK 2026 Jeugd C"]
[Site "Helmond, Netherlands"]
[Date "2026.05.01"]
[Round "10.1"]
[White "Guillaumond, Matthieu"]
[Black "Teianu, Sabin"]
[Result "1-0"]
[TimeControl "90min/40moves + 30sec/move"]
[WhiteTitle "-"]
[BlackTitle "-"]
[WhiteFideId "1097091"]
[BlackFideId "1095846"]
[WhiteElo "2104"]
[BlackElo "2131"]

1. e4 e6 2. d4 d5 3. Nc3 Nf6 4. e5 Nfd7 5. f4 c5 6. Nf3 Nc6 7. Be3 Be7 8. Qd2 a6 9. a3 O-O 10. dxc5 Nxc5 11. O-O-O Qa5 12.
Bxc5 Bxc5 13. Bd3 b5 14.
Bxh7+ Kxh7 15. Ng5+ Kg8 16. Qd3 g6 17. Qh3 Be3+ 18. Kb1 1-0

[Event "NJSK 2026 Jeugd C"]
[Site "Helmond, Netherlands"]
[Date "2026.05.01"]
[Round "11.1"]
[White "Teianu, Sabin"]
[Black "Guillaumond, Matthieu"]
[Result "1-0"]
[TimeControl "90min/40moves + 30sec/move"]
[WhiteTitle "-"]
[BlackTitle "-"]
[WhiteFideId "1095846"]
[BlackFideId "1097091"]
[WhiteElo "2131"]
[BlackElo "2104"]

1. e3 c5 2. Nf3 e6 3. b3 Nf6 4.
Bb2 d5 5. Be2 Be7 6. O-O O-O 7. Ne5 Nfd7 8. Nxd7 Nxd7 9. c4 Nf6 10. d4 cxd4 11. exd4 b6 12. Nd2 Bb7 13. Rc1 Rc8 14.
Nf3 dxc4 15. bxc4 Bd6 16. Qa4 Bb8 17. Rfd1 Qd7 18. Qb3 Rfd8 19. Ne5 Qe8 20. Qg3 Nd7 21. f4 Nf6 22. Bf3 Ne4 23.
Bxe4 Bxe4 24. d5 f6 25. Nc6 Rd7 26. Bxf6 Kh8 27. Be5 Bxe5 28. Nxe5 Rd6 29. Re1 exd5 30. cxd5 Rxc1 31. Rxc1 Bxd5 32. Rd1 Rd8 33. Qh4 1-0

[Event "NJSK 2026 Jeugd C"]
[Site "Helmond, Netherlands"]
[Date "2026.05.01"]
[Round "12.1"]
[White "Guillaumond, Matthieu"]
[Black "Teianu, Sabin"]
[Result "0-1"]
[TimeControl "90min/40moves + 30sec/move"]
[WhiteTitle "-"]
[BlackTitle "-"]
[WhiteFideId "1097091"]
[BlackFideId "1095846"]
[WhiteElo "2104"]
[BlackElo "2131"]

1. e4 e6 2. d4 d5 3. Nc3 dxe4 4. Nxe4 Bd7 5. Nf3 Bc6 6. Bd3 Nd7 7. O-O Ngf6 8. Ng3 g6 9. c3 Bg7 10. Re1 O-O 11. Bg5 h6 12. Be3 Nd5 13. Bd2 b6 14. Qc1 h5 15.
Bxg6 fxg6 16. Rxe6 Ne7 17. Bg5 Nf6 18. Qe3 Ned5 19. Bxf6 Rxf6 20. Qe4 Qd7 21. Rxf6 Nxf6 22. Qxg6 Bxf3 23. gxf3 Qf7 24. Qg5 Re8 25. Nf5 Kh7 26. Kh1 Qg6 27.
Qxg6+ Kxg6 28. Rg1+ Kxf5 29. Rxg7 h4 30. Kg2 Nh5 31. Rxc7 Nf4+ 32. Kf1 h3 33. Rxa7 Nd3 34. Rf7+ Kg6 35. Rc7 Re1# 0-1

[ePGN "0.1;DGT LiveChess/2.2.10"]

[Event "NJSK 2026 Meisjes C"]
[Site "Helmond, Netherlands"]
[Date "2026.04.25"]
[Round "1.1"]
[White "Bakker, Hannah"]
[Black "Elangkumaran, Anumitra"]
[Result "0-1"]
[TimeControl "90min/40moves + 30min + 30sec/move"]
[WhiteTitle "-"]
[BlackTitle "-"]
[WhiteFideId "40107671"]
[BlackFideId "40109070"]
[WhiteElo "1634"]
[BlackElo "1768"]

1. d4 Nf6 2. c4 e6 3. Nc3 d5 4. e3 Bb4 5. Qb3 Nc6 6. Nf3 O-O 7. Bd3 h6 8. O-O Bxc3 9. Qxc3 Re8 10.
b3 a5 11. Bc2 Nb4 12. Bb2 Nxc2 13. Qxc2 c6 14. Rfe1 Ne4 15. Ne5 Ng5 16. f3 f6 17. Nd3 Nf7 18. e4 Bd7 19. Nc5 b6 20.
Nxd7 Qxd7 21. Rac1 Rac8 22. a3 e5 23. c5 b5 24. Rcd1 Qb7 25. Qd2 Ra8 26. dxe5 Nxe5 27. exd5 cxd5 28.
Bxe5 fxe5 29. Qxd5+ Qf7 30. Rxe5 Rxe5 31. Qxe5 Qxb3 32. Qd5+ Qxd5 33. Rxd5 b4 34. c6 bxa3 35. c7 a2 36. Rd8+ Kf7 37. Rd1 Ke7 38.
Ra1 Kd7 39. Rxa2 Kxc7 40. Kf2 a4 41. Ke3 Kb6 42. Kd3 Kb5 43. Kc3 Rc8+ 44. Kb2 Kb4 45. Ra3 Re8 46. Ra2 Re2+ 47. Kb1 Rxa2 48.
Kxa2 Kc3 49. Ka3 Kd3 50. Kxa4 Ke3 51. Kb4 Kf2 52. Kc4 Kxg2 53. f4 Kxh2 54. f5 Kg3 55. Kd5 Kf4 0-1

[Event "NJSK 2026 Meisjes C"]
[Site "Helmond, Netherlands"]
[Date "2026.04.25"]
[Round "1.3"]
[White "Jongejan, Evienne"]
[Black "Luong, Thao"]
[Result "0-1"]
[TimeControl "90min/40moves + 30min + 30sec/move"]
[WhiteTitle "-"]
[BlackTitle "-"]
[WhiteFideId "40109798"]
[BlackFideId "1091980"]
[WhiteElo "1488"]
[BlackElo "1855"]

1. e4 e5 2. Nf3 Nc6 3. d4 exd4 4. Nxd4 Bb4+ 5. Nc3 Nf6 6. Nxc6 bxc6 7. Bd3 d5 8. exd5 O-O 9. O-O cxd5 10.
Bg5 c6 11. h3 Be6 12. Qf3 Be7 13. Bxf6 Bxf6 14. Qh5 g6 15. Qf3 Bg7 16. Be2 f5 17. Rfe1 Qd6 18. Rad1 Kh8 19. Bf1 g5 20.
Qe3 Rae8 21. Qxa7 g4 22. Qe3 f4 23. Qd2 Qc7 24. hxg4 Bxg4 25. Rc1 Be5 26. Be2 f3 27. Bf1 fxg2 28.
Bxg2 Bf3 29. Bxf3 Rxf3 30. Qe2 Bh2+ 31. Kf1 Rxe2 32. Nxe2 Qf7 33. Nf4 Rxf4 34. Ke2 Rxf2+ 35. Kd1 Qf3+ 36. Re2 Qxe2# 0-1

[Event "NJSK 2026 Meisjes C"]
[Site "Helmond, Netherlands"]
[Date "2026.04.25"]
[Round "1.4"]
[White "Ngangbam, Malem"]
[Black "Barbier, Sarah"]
[Result "1-0"]
[TimeControl "90min/40moves + 30min + 30sec/move"]
[WhiteTitle "-"]
[BlackTitle "-"]
[WhiteFideId "40102343"]
[BlackFideId "1095420"]
[WhiteElo "1600"]
[BlackElo "1487"]

1. e4 e5 2. Nf3 Nc6 3. Bc4 Bc5 4. c3 Nge7 5. d4 exd4 6. cxd4 Bb4+ 7. Nc3 d5 8. exd5 Nxd5 9. Bd2 Nxc3 10.
bxc3 Bd6 11. O-O Bg4 12. Re1+ Be7 13. Bf4 O-O 14. Qd3 Na5 15. Ne5 Nxc4 16. Nxg4 Na3 17. Re3 c5 18. Rh3 f5 19.
Ne5 cxd4 20. c4 Qb6 21. Nd7 Qb2 22. Rd1 Rfe8 23. Qxf5 g6 24. Qe6+ Kg7 25. Be5+ Bf6 26. Bxf6# 1-0

[Event "NJSK 2026 Meisjes C"]
[Site "Helmond, Netherlands"]
[Date "2026.04.25"]
[Round "1.6"]
[White "Panzar, Emilia-Andreea"]
[Black "Urban, Hannah"]
[Result "1-0"]
[TimeControl "90min/40moves + 30min + 30sec/move"]
[WhiteTitle "-"]
[BlackTitle "-"]
[WhiteFideId "42210852"]
[BlackFideId "40109364"]
[WhiteElo "1585"]
[BlackElo "1438"]

1. d4 d5 2. Nf3 Bg4 3. Ne5 Be6 4. Bf4 Nd7 5. Nf3 g6 6. e3 Bg7 7. Nbd2 Ngf6 8. h3 a6 9. Ng5 Nb6 10.
Nxe6 fxe6 11. c3 O-O 12. Bd3 Rc8 13. Nb3 Nbd7 14. Na5 Rb8 15. Qe2 Ne8 16. Bxa6 Rf7 17. Nxb7 Rxb7 18. Bxb7 Nd6 19.
Bc6 Rf8 20. Bxd7 Qxd7 21. Bxd6 exd6 22. O-O c5 23. f4 Qe7 24. a4 c4 25. g3 Ra8 26. e4 Qb7 27. exd5 Qxd5 28. Qf3 Qa5 29.
Qc6 Qd5 30. Qxd5 exd5 31. Rfb1 Kf7 32. b4 cxb3 33. Rxb3 Bf6 34. Rb7+ Be7 35. a5 Kf6 36. a6 Bd8 37. a7 Be7 38.
Rb8 Rxa7 39. Rxa7 h6 40. Re8 g5 41. Raxe7 gxf4 42. gxf4 h5 43. Re6+ Kf7 44. f5 h4 45. R8e7+ Kf8 46.
Ra7 Kg8 47. Re8# 1-0

[Event "NJSK 2026 Meisjes C"]
[Site "Helmond, Netherlands"]
[Date "2026.04.26"]
[Round "2.1"]
[White "Elangkumaran, Anumitra"]
[Black "De Koning, Mila"]
[Result "1-0"]
[TimeControl "90min/40moves + 30min + 30sec/move"]
[WhiteTitle "-"]
[BlackTitle "-"]
[WhiteFideId "40109070"]
[BlackFideId "40108694"]
[WhiteElo "1768"]
[BlackElo "1638"]

1. e4 e6 2. d4 d5 3. Nc3 Nf6 4. exd5 exd5 5. Bg5 c6 6. Qd2 Be7 7. O-O-O a5 8. Re1 O-O 9. Bd3 Re8 10.
Nf3 b5 11. Qf4 Be6 12. Re3 h6 13. Bxf6 Bxf6 14. h4 Na6 15. Bf5 Qd7 16. Bxe6 Rxe6 17. Rxe6 Qxe6 18. Re1 Qd7 19. g4 Qc7 20.
Qe3 Rf8 21. g5 hxg5 22. hxg5 Bd8 23. Ne5 Re8 24. Rh1 f6 25. gxf6 Bxf6 26. f4 Bxe5 27. fxe5 b4 28. Na4 Nb8 29.
Qh3 Kf8 30. Qh8+ Ke7 31. Qxg7+ Kd8 32. Rh7 Qxg7 33. Rxg7 Re7 34. Rxe7 Kxe7 35. Nc5 Nd7 36. Nb7 a4 37. c3 bxc3 38.
bxc3 a3 39. Kc2 Nb6 40. Na5 Kd7 41. Kb3 Nc8 42. Kxa3 Ne7 43. Kb4 Nf5 44. Kc5 Ng3 45. Nxc6 Ne2 46. Kxd5 Nxc3+ 47. Kc5 Nxa2 48.
d5 Nc3 49. e6+ Ke8 50. d6 Ne4+ 51. Kd5 Nf6+ 52. Kd4 Nd7 53. exd7+ Kxd7 54. Kd5 Ke8 55. Ke6 Kf8 56. d7 Kg7 57.
d8=Q Kg6 58. Ne5 Kh7 59. Qg5 Kh8 60. Kf7 Kh7 61. Qh5 1-0

[Event "NJSK 2026 Meisjes C"]
[Site "Helmond, Netherlands"]
[Date "2026.04.26"]
[Round "2.2"]
[White "Oruc, Siraz"]
[Black "Ganeshram, Niranjana"]
[Result "1-0"]
[TimeControl "90min/40moves + 30min + 30sec/move"]
[WhiteTitle "-"]
[BlackTitle "-"]
[WhiteFideId "40125874"]
[BlackFideId "40100480"]
[WhiteElo "1706"]
[BlackElo "1753"]

1. e4 e5 2. Nf3 Nc6 3. d4 exd4 4. Nxd4 Nf6 5. Nc3 Bb4 6. Nxc6 bxc6 7. Bd3 d6 8. Bg5 h6 9. Bh4 g5 10.
Bg3 Qe7 11. Qe2 Ng4 12. h3 Ne5 13. Ba6 Bxa6 14. Qxa6 Bxc3+ 15. bxc3 Kd7 16. Rd1 f5 17. Qa5 f4 18. Bh2 Rhb8 19.
Qa4 Rb7 20. h4 Rab8 21. O-O Ng4 22. g3 Nxh2 23. Kxh2 gxh4 24. gxf4 Rg8 25. Rg1 Rbb8 26. Qd4 Qf7 27. f5 Rg5 28.
Rxg5 hxg5 29. Rg1 Rg8 30. Qe3 g4 31. Qf4 Qh5 32. f3 g3+ 33. Kh3 Qe8 34. f6 Qe6+ 35. Kxh4 Qf7 36. Qf5+ Qe6 37.
Qxe6+ Kxe6 38. Rxg3 Rxg3 39.
Kxg3 Kxf6 40. Kf4 a6 41. c4 a5 42.
a4 c5 43. c3 c6 44. Kg4 Kg6 45. f4 Kf6 46. Kh5 Kf7 47. Kg5 Kg7 48. Kf5 Kf7 49. e5 d5 50. cxd5 cxd5 51. e6+ Ke7 52.
Ke5 d4 53. cxd4 cxd4 54. Kxd4 Kxe6 55. Kc5 Kf5 56. Kb5 Kxf4 57. Kxa5 Ke5 58. Kb6 Kd6 59. a5 Kd7 60. Kb7 Kd8 61. a6 Kd7 62. a7 Kd8 63.
a8=Q+ Kd7 64. Qa6 Ke7 65.
Qd3 Ke6 66. Kc6 Ke7 67. Qd7+ Kf6 68. Qe8 Kf5 69. Kd5 Kg4 70. Qf7 Kg3 71. Ke4 Kg2 72. Qf3+ Kg1 73. Qe2 Kh1 74. Kf3 Kg1 75.
Qg2# 1-0

[Event "NJSK 2026 Meisjes C"]
[Site "Helmond, Netherlands"]
[Date "2026.04.26"]
[Round "2.3"]
[White "Luong, Thao"]
[Black "Panzar, Emilia-Andreea"]
[Result "1-0"]
[TimeControl "90min/40moves + 30min + 30sec/move"]
[WhiteTitle "-"]
[BlackTitle "-"]
[WhiteFideId "1091980"]
[BlackFideId "42210852"]
[WhiteElo "1855"]
[BlackElo "1585"]

1. e4 c6 2. d4 d5 3. exd5 cxd5 4. Bd3 Nf6 5. h3 Nc6 6. c3 a6 7. Nf3 e6 8. Bf4 Bd6 9. Ne5 Qc7 10.
Qe2 h6 11. Nd2 b5 12. O-O b4 13. Bg3 bxc3 14. bxc3 Bxe5 15. dxe5 Nd7 16. Qg4 g6 17. Bxg6 Ndxe5 18. Bxe5 Nxe5 19.
Qf4 fxg6 20. Rfe1 Qxc3 21. Rac1 Qb2 22. Rb1 Qxa2 23. Qxe5 Rf8 24. Qd6 Kf7 25. Nf3 Ra7 26. Rbc1 Qa4 27.
Rxc8 Rxc8 28. Qxe6+ Kg7 29. Qxc8 Qd7 30. Qc3+ Kh7 31. Ne5 Qd6 32. Ng4 Rf7 33. Re8 Rf8 34. Rxf8 Qxf8 35. Nf6+ Kh8 36.
Nxd5+ Qg7 37. Qxg7+ Kxg7 38. Kh2 a5 39. Kg3 a4 40. Kf4 a3 41. Nc3 Kf6 42. g4 Ke6 43. h4 Kf6 44. g5+ Kg7 45.
Ke5 hxg5 46. hxg5 Kf7 47. f4 Ke7 48. f5 Kf7 49. fxg6+ Kxg6 50. Kf4 Kg7 51. Kf5 Kf7 52. g6+ Kg7 53.
Kg5 Kg8 54. Kf6 Kf8 55. g7+ Kg8 56. Na2 Kh7 57. Kf7 Kh6 58. g8=Q Kh5 59. Kf6 Kh4 60. Kf5 Kh3 61. Kf4 Kh2 62.
Kf3 Kh1 63. Qg2# 1-0

[Event "NJSK 2026 Meisjes C"]
[Site "Helmond, Netherlands"]
[Date "2026.04.26"]
[Round "2.5"]
[White "Barbier, Sarah"]
[Black "Gnanasekaran, Keerthi"]
[Result "1/2-1/2"]
[TimeControl "90min/40moves + 30min + 30sec/move"]
[WhiteTitle "-"]
[BlackTitle "-"]
[WhiteFideId "1095420"]
[BlackFideId "40110508"]
[WhiteElo "1487"]
[BlackElo "1647"]

1. e4 e5 2. Nf3 Nc6 3. d4 exd4 4.
Nxd4 Qf6 5. Nxc6 Qxc6 6. Nc3 Bb4 7. Bd2 Bxc3 8. Bxc3 Qxe4+ 9. Qe2 Qxe2+ 10. Bxe2 Nf6 11. O-O-O d6 12. Rde1 Be6 13.
Bc4 Kd7 14. Bxe6+ fxe6 15. Re3 e5 16. h3 Rae8 17. Rd1 Kc8 18. Bb4 Rhf8 19. f3 e4 20. Rc3 Kb8 21. Ba3 exf3 22. Rxf3 Nd7 23.
Rg3 Rf7 24. b3 Rfe7 25. Bb4 g6 26. Rf3 Ne5 27. Rf4 Rf7 28. Re4 c5 29. Bc3 Kc7 30. Bxe5 Rxe5 31. Rxe5 dxe5 32. Rd5 Kc6 33.
Rxe5 Kd6 34. Re3 Rf2 35. g4 Rf6 36. Kd2 Re6 37. Rd3+ Kc7 38. Rc3 b6 39. Rf3 Kd7 40. Kc3 b5 41.
Rf7+ Re7 42. Rf8 Re3+ 43. Kb2 Rxh3 44. Rf7+ Kd6 45. Rxa7 Kd5 46. a4 b4 47. Rc7 Rh4 48. a5 Rxg4 49.
a6 Re4 50. Rxh7 Re6 51. a7 Ra6 52. Rg7 Ke5 53. Rxg6 Rxa7 54. Rg5+ Kd4 55. Rg4+ Ke5 56. Rg5+ Kd4 1/2-1/2

[Event "NJSK 2026 Meisjes C"]
[Site "Helmond, Netherlands"]
[Date "2026.04.26"]
[Round "2.8"]
[White "Urban, Hannah"]
[Black "Jongejan, Evienne"]
[Result "0-1"]
[TimeControl "90min/40moves + 30min + 30sec/move"]
[WhiteTitle "-"]
[BlackTitle "-"]
[WhiteFideId "40109364"]
[BlackFideId "40109798"]
[WhiteElo "1438"]
[BlackElo "1488"]

1. c4 e5 2. g3 c6 3. b3 d5 4. Bb2 Bd6 5. d3 Be6 6. Bg2 Nd7 7. Nd2 Ngf6 8. Qc2 O-O 9. Ngf3 Nh5 10.
a3 Qe7 11. O-O f5 12. Rfe1 f4 13. b4 a5 14. c5 Bc7 15. Kh1 b6 16. cxb6 Bxb6 17. Rf1 axb4 18. axb4 Rxa1 19. Bxa1 fxg3 20.
fxg3 Rf6 21. Nxe5 Nxg3+ 22. hxg3 Rh6+ 23. Bh3 Bxh3 24. d4 Bxf1+ 25. Kg1 Nxe5 26. Nxf1 Qa7 27. Qf5 Nd7 28. b5 Rf6 29.
Qh5 Qxa1 30. Qe8+ Rf8 31. Qe6+ Kh8 32. Qh3 Bxd4+ 33. Kh2 Rf2+ 34. Kh1 Rxf1+ 35. Qxf1 Qxf1+ 36. Kh2 Nf6 37. g4 Be5# 0-1

[Event "NJSK 2026 Meisjes C"]
[Site "Helmond, Netherlands"]
[Date "2026.04.27"]
[Round "3.1"]
[White "Ngangbam, Malem"]
[Black "Elangkumaran, Anumitra"]
[Result "1-0"]
[TimeControl "90min/40moves + 30min + 30sec/move"]
[WhiteTitle "-"]
[BlackTitle "-"]
[WhiteFideId "40102343"]
[BlackFideId "40109070"]
[WhiteElo "1600"]
[BlackElo "1768"]

1. e4 e5 2. Nf3 Nc6 3. Bc4 Bc5 4. c3 Nf6 5. d4 exd4 6. e5 d5 7. Bb5 Ne4 8. cxd4 Bb6 9. Qc2 Bd7 10.
Be3 O-O 11. Bxc6 Bxc6 12. O-O f6 13. Nc3 Qd7 14. exf6 Nxf6 15. Ne5 Qe6 16. h3 Nd7 17. Nd3 a5 18. Rfe1 Qg6 19. Qd2 Rae8 20.
a3 a4 21. Nf4 Qd6 22. Nce2 Nf6 23. Ng3 Ne4 24. Nxe4 Rxe4 25. Nh5 Qg6 26. Ng3 Re6 27. Bf4 Ref6 28. Ne2 Bb5 29. Bg3 Qf7 30.
Nc3 Ba5 31. Re3 Bd7 32. Rae1 Re8 33. Be5 Rg6 34. Qd3 Bf5 35. Qb5 Bxc3 36. Rxc3 c6 37. Qxa4 Rf8 38. f4 Qd7 39. Ree3 Be4 40.
Rg3 Qf5 41. Kf2 h5 42. Rxg6 Qxg6 43. Rg3 Rxf4+ 44. Bxf4 Qf5 45. Ke3 Bc2 46. Qa8+ Kh7 47. Qe8 Qd3+ 48. Kf2 Qxd4+ 49. Be3 Qf6+ 50.
Ke2 Qxb2 51. Qxh5+ Kg8 52. Qe8+ Kh7 53. Bd2 Be4 54. Rg5 Qb5+ 55. Kf2 Qc5+ 56. Be3 Qc2+ 57. Kg1 g6 58. Qf7+ Kh6 59.
Rxg6+ Kh5 60. Qh7# 1-0

[Event "NJSK 2026 Meisjes C"]
[Site "Helmond, Netherlands"]
[Date "2026.04.27"]
[Round "3.2"]
[White "Oruc, Siraz"]
[Black "Luong, Thao"]
[Result "0-1"]
[TimeControl "90min/40moves + 30min + 30sec/move"]
[WhiteTitle "-"]
[BlackTitle "-"]
[WhiteFideId "40125874"]
[BlackFideId "1091980"]
[WhiteElo "1706"]
[BlackElo "1855"]

1. e4 e5 2. Nf3 Nc6 3. d4 exd4 4.
Nxd4 Bb4+ 5. c3 Bc5 6. Nb3 Bb6 7. Bd3 d6 8. O-O Nge7 9. N1d2 Ne5 10. Be2 O-O 11. Nc4 Nxc4 12. Bxc4 Be6 13.
Bd3 Nc6 14. Nd2 Ne5 15. Be2 f5 16. exf5 Rxf5 17. Bg4 Nxg4 18. Qxg4 Re5 19. Qf3 Bd5 20. Qf4 Qe7 21. Nb3 Rf8 22.
Qg3 Bxf2+ 23. Qxf2 Rxf2 24. Rxf2 Re1+ 25. Rf1 Qe4 0-1

[Event "NJSK 2026 Meisjes C"]
[Site "Helmond, Netherlands"]
[Date "2026.04.27"]
[Round "3.3"]
[White "Ganeshram, Niranjana"]
[Black "Jongejan, Evienne"]
[Result "1-0"]
[TimeControl "90min/40moves + 30min + 30sec/move"]
[WhiteTitle "-"]
[BlackTitle "-"]
[WhiteFideId "40100480"]
[BlackFideId "40109798"]
[WhiteElo "1753"]
[BlackElo "1488"]

1. e4 e5 2. Nf3 Nc6 3. Bc4 Nf6 4. d3 h6 5. Be3 Be7 6. Nc3 O-O 7. O-O d6 8. h3 Be6 9. Bb3 d5 10.
exd5 Nxd5 11. d4 exd4 12. Nxd4 Nxd4 13. Bxd4 c5 14. Nxd5 Bxd5 15. Bxg7 Kxg7 16. Bxd5 Qb6 17. Re1 Bf6 18.
Qg4+ Kh8 19. Qh5 Bxb2 20. Rab1 Qf6 21. Rxb2 Qxb2 22. Qxh6+ Kg8 23. Re4 Qa1+ 24. Kh2 Qd1 25. Qg5+ Kh8 26.
Rh4+ Qh5 27. Rxh5# 1-0

[Event "NJSK 2026 Meisjes C"]
[Site "Helmond, Netherlands"]
[Date "2026.04.27"]
[Round "3.7"]
[White "Bakker, Hannah"]
[Black "Barbier, Sarah"]
[Result "1-0"]
[TimeControl "90min/40moves + 30min + 30sec/move"]
[WhiteTitle "-"]
[BlackTitle "-"]
[WhiteFideId "40107671"]
[BlackFideId "1095420"]
[WhiteElo "1634"]
[BlackElo "1487"]

1. e4 e5 2. Nf3 Nc6 3. Bc4 Bc5 4. c3 Nf6 5. d4 exd4 6. e5 Qe7 7. cxd4 Bb4+ 8. Kf1 Ng8 9. Nc3 Bxc3 10.
bxc3 d6 11. Qb3 dxe5 12. dxe5 Qd7 13. Ba3 Nh6 14. e6 fxe6 15. Bxe6 Qd3+ 16. Kg1 Bxe6 17. Qxe6+ Kd8 18. Qb3 Kc8 19.
h3 Qf5 20. Rd1 Rd8 21. Nd4 Nxd4 22. Rxd4 Rxd4 23. cxd4 Qe4 24. Qb4 b6 25. g4 Kb7 26. Bc1 Rd8 27. Be3 c5 28. Qd2 cxd4 29.
Bxh6 gxh6 30. Kh2 d3 31. Re1 Qc4 32. Re7+ Ka6 33. Rxh7 Qe4 34. Rxh6 Qe5+ 35. Kg2 Kb7 36. Rh7+ Ka8 37.
Rh5 Qe4+ 38. f3 Qc4 39. Rh6 Rc8 40. Rd6 Qa4 41. Qxd3 Qxa2+ 42. Kg3 Qa1 43. Rd7 Qe1+ 44. Kg2 Qc1 45.
Qd5+ Rc6 46. Rc7 Qd2+ 47. Qxd2 Rxc7 48. g5 a5 49. Qd8+ Kb7 50. Qxc7+ Kxc7 51. g6 a4 52. g7 b5 53.
g8=Q Kb6 54. Qd8+ Kc5 55. Qa5 Kc4 56. Kf2 b4 57. Qxa4 Kc3 58. Qxb4+ Kxb4 59. h4 1-0

[Event "NJSK 2026 Meisjes C"]
[Site "Helmond, Netherlands"]
[Date "2026.04.28"]
[Round "4.1"]
[White "Luong, Thao"]
[Black "Ngangbam, Malem"]
[Result "1-0"]
[TimeControl "90min/40moves + 30min + 30sec/move"]
[WhiteTitle "-"]
[BlackTitle "-"]
[WhiteFideId "1091980"]
[BlackFideId "40102343"]
[WhiteElo "1855"]
[BlackElo "1600"]

1. e4 e5 2. Nf3 Nc6 3. Bc4 Nf6 4. d3 Bc5 5. c3 d6 6. Nbd2 a6 7. Bb3 Ba7 8. h3 h6 9. Nf1 Qe7 10.
Ng3 Be6 11. Be3 O-O-O 12. O-O d5 13. Qc2 Kb8 14. Ba4 Bxe3 15. fxe3 Na7 16. d4 dxe4 17. Nxe5 Nd5 18. Qxe4 Qg5 19.
Nf5 f6 20. Nc6+ Nxc6 21. Bxc6 Bxf5 22. Rxf5 Qxe3+ 23. Qxe3 Nxe3 24. Rf3 Nc4 25. b3 Na5 26. Be4 c5 27. d5 Rhe8 28. Bg6 Re2 29.
b4 cxb4 30. cxb4 Rxd5 31. bxa5 Rxa5 32. Rf2 Rxf2 33. Kxf2 b5 34. Bf7 Kc7 35. Rb1 Ra4 36. Ke3 Kd6 37. Bb3 Rh4 38. Rd1+ Kc6 1-0

[Event "NJSK 2026 Meisjes C"]
[Site "Helmond, Netherlands"]
[Date "2026.04.28"]
[Round "4.2"]
[White "Elangkumaran, Anumitra"]
[Black "Ganeshram, Niranjana"]
[Result "1-0"]
[TimeControl "90min/40moves + 30min + 30sec/move"]
[WhiteTitle "-"]
[BlackTitle "-"]
[WhiteFideId "40109070"]
[BlackFideId "40100480"]
[WhiteElo "1768"]
[BlackElo "1753"]

1. e4 e5 2. Nf3 Nc6 3. Bc4 Bc5 4. c3 Nf6 5. d3 d6 6. Nbd2 a6 7. Bb3 Ba7 8. Nf1 h6 9. Ng3 Be6 10. O-O g5 11. Bxe6 fxe6 12.
Qb3 Kd7 13. Be3 Qe7 14. Bxa7 Rxa7 15. Rad1 g4 16. Nd2 h5 17. Ne2 Qg7 18. d4 h4 19. d5 exd5 20. exd5 Ne7 21. c4 h3 22.
g3 Qg6 23. Qe3 Raa8 24. f3 Raf8 25. f4 e4 26. Nd4 Nf5 27. Nxf5 Qxf5 28. Rde1 Re8 29. Rf2 Re7 30. Rfe2 Rhe8 31.
Qa7 e3 32. Rxe3 Rxe3 33. Rxe3 Qc2 34. Qd4 Qd1+ 35. Kf2 Qh1 36. Nf1 Ne4+ 37. Ke1 Qg2 38. Re2 Qf3 39. Qe3 Qh1 40. Qd4 Re7 41.
b4 Qf3 42. Qe3 Qxe3 43. Rxe3 Nc3 44. a3 a5 45. Kd2 Ne4+ 46. Kd3 Nf2+ 47. Kd4 axb4 48. axb4 Nh1 49. Rxe7+ Kxe7 50. Ne3 Nxg3 51.
Nxg4 Ne2+ 52. Ke3 Nc3 53. Nf2 Na2 54. b5 Nc3 55. Nxh3 Na4 56. Ng5 Nb2 57. Kd4 Kf6 58. Ne6 Kf5 59.
h4 Kg4 60. h5 Kxh5 61. Nxc7 Kg4 62. Ne8 Kxf4 63. Nxd6 b6 64. Nc8 Na4 65. d6 Nc5 66. Nxb6 Ne6+ 67. Kd5 Kf5 68. d7 Kf6 69.
Kd6 Kf7 70. c5 Nd8 71. c6 Nxc6 72. Kxc6 Ke7 73. Kc7 Ke6 74. d8=Q 1-0

[Event "NJSK 2026 Meisjes C"]
[Site "Helmond, Netherlands"]
[Date "2026.04.28"]
[Round "4.4"]
[White "Gnanasekaran, Keerthi"]
[Black "Oruc, Siraz"]
[Result "1-0"]
[TimeControl "90min/40moves + 30min + 30sec/move"]
[WhiteTitle "-"]
[BlackTitle "-"]
[WhiteFideId "40110508"]
[BlackFideId "40125874"]
[WhiteElo "1647"]
[BlackElo "1706"]

1. e4 d6 2. d4 Nf6 3. Nc3 g6 4. Bc4 Bg7 5. Be3 O-O 6. Nf3 Nxe4 7. Nxe4 d5 8. Bxd5 Qxd5 9. Nc3 Qh5 10.
h3 Nc6 11. Qe2 e5 12. O-O-O exd4 13. Nxd4 Qa5 14. Nxc6 bxc6 15. Bd4 Be6 16. Bxg7 Kxg7 17. Rhe1 Bxa2 18. Qe5+ Qxe5 19. Rxe5 Be6 20.
Rc5 Rfd8 21. Rxd8 Rxd8 22. Rxc6 Rd7 23. f3 a6 24. b3 Kf6 25. Rxa6 Kf5 26. Ra4 Rd6 27. Nb5 Rd7 28. Nd4+ Ke5 29.
Nxe6 Kxe6 30. c3 c5 31. Kc2 Kd5 32. Rh4 h5 33. c4+ Ke5 34. Re4+ Kd6 35. Kc3 f5 36. Re3 Rb7 37. f4 Rb6 38.
Re8 Kd7 39. Rg8 Ke7 40. Rg7+ Kd8 41. Ra7 Rc6 42. b4 cxb4+ 43. Kxb4 Ke8 44. Kb5 Rc8 45. Ra2 Rb8+ 46. Kc5 Rc8+ 47.
Kd5 Kd7 48. g3 Rc7 49. Ra6 Ke7 50. Rxg6 Kf7 51. Rg5 Kf6 52. Rxh5 Kg6 53. Rg5+ Kf6 54. h4 1-0